 Dungeon Crawl Stone Soup version 0.27.0-1-g7a089689b8 (webtiles) character file.

Game seed: 16514085593125721220

44 MisterFreud the Cudgeller (level 3, -2/23 HPs)
             Began as a Gargoyle Fighter on Aug 1, 2021.
             Slain by an ogre (15 damage)
             ... on level 4 of the Dungeon.
             The game lasted 00:01:38 (1135 turns).

MisterFreud the Cudgeller (Gargoyle Fighter)        Turns: 1135, Time: 00:01:39

Health: -2/23      AC: 10    Str: 20    XL:     3   Next: 62%
Magic:  3/3        EV:  7    Int:  8    God:
Gold:   61         SH:  9    Dex:  9    Spells: 2/2 levels left

rFire    . . .     SeeInvis .   a - +0 flail
rCold    . . .     Faith    .   c - +0 kite shield
rNeg     + . .     Spirit   .   b - +0 scale mail
rPois    ∞         Reflect  .   (no helmet)
rElec    +         Harm     .   (no cloak)
rCorr    .         Rampage  .   (no gloves)
Will     .....                  (no boots)
Stlth    ..........             (no amulet)
HPRegen  0.07/turn              (no ring)
MPRegen  0.08/turn              (no ring)

@: no status effects
A: sickness immunity, AC +3, negative energy resistance 1, electricity
resistance, torment resistance 1, petrification resistance
a: no special abilities


You were on level 4 of the Dungeon.
You visited 1 branch of the dungeon, and saw 3 of its levels.

You collected 61 gold pieces.

Inventory:

Hand Weapons
 a - a +0 flail (weapon)
Armour
 b - a +0 scale mail (worn)
 c - a +0 kite shield (worn)
Scrolls
 e - a scroll of noise {unknown}
 f - a scroll of identify {unknown}
 g - a scroll of enchant weapon {unknown}


   Skills:
 - Level 3.2 Fighting
 + Level 3.9 Maces & Flails
 - Level 3.2 Armour
 - Level 3.2 Shields


You had 2 spell levels left.
You didn't know any spells.
Your spell library contained the following spells:

 Spells                   Type           Power      Damage    Failure   Level
 Animate Skeleton         Necr           0%         N/A       99%         1
 Apportation              Tloc           0%         N/A       99%         1
 Corona                   Hex            0%         N/A       99%         1
 Summon Small Mammal      Summ           0%         N/A       99%         1
 Call Canine Familiar     Summ           0%         N/A       100%        3
 Summon Guardian Golem    Hex/Summ       0%         N/A       100%        3


Dungeon Overview and Level Annotations

Branches:
Dungeon (2/15)

Altars:


Innate Abilities, Weirdness & Mutations

You are immune to sickness and miasma.
Your stone body is resilient. (AC +3)
You are immune to poison.
You resist negative energy. (rN+)
You are resistant to electric shocks. (rElec)
You are resistant to unholy torment.
You are immune to petrification.


Message History

You closely miss the hobgoblin.
The hobgoblin is almost dead.
The hobgoblin barely misses you.
You hit the hobgoblin.
You kill the hobgoblin!
You sock the lemure!
The lemure is heavily wounded.
The lemure barely misses you. The lemure hits you.
* * * LOW HITPOINT WARNING * * *
You sock the lemure!
The lemure is almost dead.
The lemure barely misses you.
You sock the lemure!
You kill the lemure!
That felt strangely unrewarding.
You see here a hobgoblin corpse.
You see here a hobgoblin corpse.
Found a book of Cantrips.
You pick up a book of Cantrips and begin reading...
You add the spells Corona, Animate Skeleton and Apportation to your library.
You start resting.
You feel a little less mighty now.
You start resting.
You hear the slow rusting of a distant drain.
You start resting.
You hear the rusting of a distant drain.
You start resting.
You hear the rusting of a distant drain.
An ogre comes into view. It is wielding a +0 giant club.
You hit the ogre.
The ogre is lightly wounded.
The ogre hits you with a +0 giant club.
You aren't carrying any items that you can evoke.
Okay, then.
You hit the ogre.
The ogre is moderately wounded.
A giant cockroach comes into view.
The ogre hits you with a +0 giant club!
Ouch! That really hurt!
You die...

........#####.#
..........†...#
........####........
#+#####.# ....####.
#.# .....#
#.#.#....# # #
#.#......#
....#.#.###..#.#
#......@.#.?#.#
#..B###.#O# ..
...#... #####.....
+.....# #....##
###..# #.#


You could see an ogre and a giant cockroach (wandering).

Vanquished Creatures
  2 lemures (D:4)
  An adder (D:2)
  A dart slug (D:2)
  4 ball pythons
  2 giant cockroaches
  2 goblins (D:1)
  5 hobgoblins
  3 jackals (D:1)
  2 kobolds
  4 quokkas (D:1)
  5 rats
31 creatures vanquished.

Notes
Turn   | Place    | Note
-------+----------+-------------------------------------------
     0 | D:1      | MisterFreud the Gargoyle Fighter began the quest for the
                  | Orb.
     0 | D:1      | Reached XP level 1. HP: 14/14 MP: 1/1
    81 | D:1      | Found a faded altar of an unknown god.
   119 | D:1      | Reached XP level 2. HP: 13/19 MP: 2/2
   460 | D:1      | Reached XP level 3. HP: 23/23 MP: 3/3
   934 | D:2      | You fall into a shaft and drop 2 floors!
   941 | D:4      | Noticed a lemure
   941 | D:4      | Noticed a lemure
   989 | D:4      | Killed a lemure
   995 | D:4      | Killed a lemure
  1129 | D:4      | Noticed an ogre
  1135 | D:4      | Slain by an ogre

Illustrated notes

Levels and vault maps discovered:
D:1:      nicolae_arrival_memento_mori, layout_basic,
          dreamdust_ecumenical_altar_statues, roderic_lattice_a
D:2:      layout_loops_corners, minmay_crystal_water, uniq_sigmund
D:4:      layout_basic, nicolae_uskayaw_en_pointe, gup_sewer_entry_pipe,
          due_unseen_surprise, uniq_edmund, uniq_pikel

Skill      XL: |  1  2 |
---------------+-------+-----
Maces & Flails | 3 |  3.9
Fighting       | |  3.2
Armour         | |  3.2
Shields        | |  3.2

Action                   || total
-------------------------++-------
Melee: Flail             ||   123
  Use: Potion            ||     1
Armor: Scale mail        ||    55
Dodge: Dodged            ||    36
Block: Kite shield       ||    69
